 Dungeon Crawl Stone Soup version 0.27.1-3-gb3d3a73c9e (webtiles) character file.

Game seed: 14403019681858571930

67 unlimited1921 the Chiller (level 4, -1/41 HPs)
             Began as a Troll Ice Elementalist on Oct 30, 2021.
             Slain by an orc priest (10 damage)
             ... on level 4 of the Dungeon.
             The game lasted 00:15:34 (2392 turns).

unlimited1921 the Chiller (Troll Ice Elementalist)  Turns: 2392, Time: 00:15:36

Health: -1/41      AC:  4    Str: 17    XL:     4   Next: 0%
Magic:  5/5        EV: 10    Int: 11    God:
Gold:   97         SH:  0    Dex: 10    Spells: 4/5 levels left

rFire    . . .     SeeInvis .   j - +1 whip (venom)
rCold    . . .     Faith    .   (no shield)
rNeg     . . .     Spirit   .   a - +0 robe
rPois    .         Reflect  .   (helmet restricted)
rElec    .         Harm     .   (no cloak)
rCorr    .         Rampage  .   (gloves unavailable)
Will     .....                  (boots unavailable)
Stlth    +.........             k - amulet of regeneration
HPRegen  1.13/turn              (no ring)
MPRegen  0.09/turn              (no ring)

@: no status effects
A: large, unfitting armour, claws 3, regeneration 1, shaggy fur 1, tough skin 1
a: no special abilities


You were on level 4 of the Dungeon.
You visited 1 branch of the dungeon, and saw 3 of its levels.

You collected 97 gold pieces.

Inventory:

Hand Weapons
 g - a +2 dagger of speed
 j - a +1 whip of venom (weapon)
Missiles
 f - 29 stones
 i - 4 javelins (quivered)
Armour
 a - a +0 robe (worn)
Jewellery
 k - an amulet of regeneration (around neck)
Scrolls
 c - a scroll of fear {unknown}
 d - 2 scrolls of identify
 h - a scroll of silence {unknown}
Potions
 b - a potion of might
 e - a potion of curing


   Skills:
 * Level 1.2 Fighting
 - Level 0.1 Maces & Flails
 + Level 0.1 Throwing
 + Level 2.1 Dodging
 - Level 1.1 Stealth
 + Level 0.5 Unarmed Combat
 - Level 1.3 Spellcasting
 - Level 3.4 Ice Magic


You had 4 spell levels left.
You knew the following spells:

 Your Spells              Type           Power      Damage    Failure   Level
a - Freeze                Ice            32%        1d5       8%          1

Your spell library contained the following spells:

 Spells                   Type           Power      Damage    Failure   Level
 Frozen Ramparts          Ice            16%        1d3       22%         3
 Ozocubu's Armour         Ice            8%         N/A       22%         3
 Blink                    Tloc           N/A        N/A       43%         2
 Hailstorm                Conj/Ice       4%         3d4       83%         4
 Manifold Assault         Tloc           0%         N/A       100%        5
 Storm Form               Tmut/Air       0%         N/A       100%        7


Dungeon Overview and Level Annotations

Branches:
Dungeon (2/15)

Altars:


Innate Abilities, Weirdness & Mutations

You are too large for most types of armour.
You have claws for hands.
Your natural rate of healing is unusually fast.
You are covered in fur. (AC +1)
You have tough skin. (AC +1)


Message History

The bullfrog skeleton hits you but does no damage.
The ball python barely misses you. Something hits you.
The goblin hits you but does no damage.
The orc priest hits you but does no damage.
The orc barely misses you.
The bullfrog skeleton barely misses you.
You finish putting on your amulet of regeneration.
The amulet cannot attune itself to your injured body.
k - an amulet of regeneration (around neck)
You hit something.
The ball python bites you but does no damage.
The bullfrog skeleton hits you but does no damage.
The goblin barely misses you. Something hits you but does no damage.
The orc priest misses you. The orc hits you with a +0 club.
You miss the goblin. The ball python bites you.
The bullfrog skeleton closely misses you.
Something hits you but does no damage. The goblin hits you but does no damage.
The orc priest completely misses you. The orc hits you with a +0 club.
The ball python barely misses you.
The bullfrog skeleton closely misses you.
As you read the scroll labelled HYMOCI DAYFO, it crumbles to dust.
It is a scroll of identify.
b - a potion of might Something hits you.
The goblin hits you with a +0 club. The orc priest barely misses you.
The ball python barely misses you.
The bullfrog skeleton barely misses you.
The orc hits you but does no damage.
You closely miss something.
The bullfrog skeleton barely misses you.
The ball python closely misses you. Something hits you but does no damage.
The goblin misses you. The orc priest closely misses you.
The orc hits you with a +0 club.
You barely miss something.
The bullfrog skeleton barely misses you.
The ball python barely misses you. Something hits you.
* * * LOW HITPOINT WARNING * * *
The goblin hits you with a +0 club.
* * * LOW HITPOINT WARNING * * *
The orc priest hits you with a +0 flail!
You die...

#..........#
#..........# .
#..........# ..
#..........#
##.####..........#
..>..............+
.................#
.....?.....goS...#
............@o...#
........#..Z###....#
........#...# #.##.#
........#...###.# .#
........#...)..(# #
...........#####o..#
######+##.## ... #.#
. ..#


You could see an orc priest, an orc, a goblin, a ball python and a bullfrog
skeleton.

Vanquished Creatures
  An orc priest (D:4)
  3 dart slugs
  6 ball pythons
  5 endoplasms
  3 goblins (D:1)
  2 hobgoblins (D:1)
  2 quokkas (D:1)
  3 bats (D:1)
  2 frilled lizards (D:2)
  4 rats (D:1)
31 creatures vanquished.

Notes
Turn   | Place    | Note
-------+----------+-------------------------------------------
     0 | D:1      | unlimited1921 the Troll Ice Elementalist began the quest
                  | for the Orb.
     0 | D:1      | Reached XP level 1. HP: 16/16 MP: 1/1
    52 | D:1      | Reached skill level 3 in Ice Magic
   202 | D:1      | Reached XP level 2. HP: 24/24 MP: 0/2
  1222 | D:1      | Reached XP level 3. HP: 31/31 MP: 2/4
  1544 | D:1      | Found a faded altar of an unknown god.
  2351 | D:2      | You fall into a shaft and drop 2 floors!
  2359 | D:4      | Reached skill level 1 in Fighting
  2359 | D:4      | Reached XP level 4. HP: 19/41 MP: 3/5
  2392 | D:4      | Slain by an orc priest

Illustrated notes

Levels and vault maps discovered:
D:1:      erik_arrival_triangle_large, layout_loops_ring,
          hellmonk_ecumenical_altar_heavens_door, minmay_misc_feat_rugged,
          hangedman_decor_slide_cut, st_stairs_14, nrook_loot_triangle,
          hangedman_decor_clover_reticule
D:2:      layout_loops_corners
D:4:      layout_basic, uniq_natasha, uniq_pikel, uniq_ijyb

Skill      XL: |  1  2  3 |
---------------+----------+-----
Ice Magic      | 3 |  3.4
Fighting       | 1 |  1.2
Dodging        | 2 |  2.1
Maces & Flails | |  0.1
Throwing       | |  0.1
Stealth        | |  1.1
Unarmed Combat | |  0.5
Spellcasting   | |  1.3

Action                   |  1- 3 |  4- 6 || total
-------------------------+-------+-------++-------
Melee: Whip              |    80 |     5 ||    85
       Unarmed           |     9 |       ||     9
Throw: Javelin           |     2 |       ||     2
 Cast: Freeze            |    30 |       ||    30
  Use: Potion            |     1 |       ||     1
       Scroll            |       |     1 ||     1
Armor: Robe              |    40 |    18 ||    58
Dodge: Dodged            |    56 |    28 ||    84
